 Dungeon Crawl Stone Soup version 0.16.1-30-g34a7ffa (webtiles) character file.

404 sscrono2 the Covert (level 6, -2/41 HPs)
             Began as an Octopode Assassin on June 18, 2015.
             Slain by Purgy (4 damage)
             ... on level 4 of the Dungeon.
             The game lasted 00:12:49 (3535 turns).

sscrono2 the Covert (Octopode Assassin)             Turns: 3535, Time: 00:12:49

Health: -2/41      AC:  1    Str: 10    XL:     6   Next: 86%
Magic:  11/11      EV: 13    Int: 13    God:
Gold:   123        SH:  0    Dex: 16    Spells: 0 memorised, 10 levels left

rFire  . . .     SeeInvis .     b - +0 blowgun
rCold  . . .     Clarity  .     (no shield)
rNeg   . . .     SustAb   .     (helmet restricted)
rPois  +         Gourm    +     c - amulet of the gourmand
rElec  .         Spirit   .     l - ring of poison resistance
rCorr  .         Warding  .     (no ring)
rMut   .         Stasis   .     (no ring)
MR     .....                    (no ring)
Stlth  ++++++....               (no ring)
                                (no ring)
                                (no ring)
                                (no ring)

@: not resistant to hostile enchantments, very stealthy
A: almost no armour, amphibious, 8 rings, constrict 8, camouflage 1, gelatinous
body 1
a: no special abilities


You were on level 4 of the Dungeon.
You were full.

You visited 1 branch of the dungeon, and saw 4 of its levels.

You collected 123 gold pieces.

Inventory:

Hand weapons
 a - a +5 dagger
 b - a +0 blowgun (weapon)
Jewellery
 c - an amulet of the gourmand (around mantle)
 l - a ring of poison resistance (left tentacle)
 w - an uncursed amulet of resist mutation
 y - an uncursed amulet of warding
Scrolls
 e - a scroll of remove curse
 i - 2 scrolls of magic mapping
 k - a scroll of noise
 p - a scroll of teleportation {unknown}
 q - a scroll of fog {unknown}
 r - 2 scrolls of enchant armour
 s - a scroll of immolation
 t - 2 scrolls of identify
 u - a scroll of blinking {unknown}
 z - a scroll of fear {unknown}
Potions
 h - a potion of flight
 m - 4 potions of brilliance
 n - a potion of agility
 x - a potion of cancellation {unknown}
Comestibles
 g - 2 bread rations
 j - 3 meat rations
 o - a slice of pizza


   Skills:
 + Level 2.6 Fighting
 + Level 2.4 Short Blades
 + Level 2.6 Throwing
 + Level 2.4 Dodging
 + Level 8.5 Stealth
 * Level 2.6 Spellcasting


You had 10 spell levels left.
You didn't know any spells.

Dungeon Overview and Level Annotations

Branches:
Dungeon (4/15)
 Temple: D:4-7

Altars:

Annotations:
D:4 Purgy


Innate Abilities, Weirdness & Mutations

You cannot wear most types of armour.
You are amphibious.
You can wear up to eight rings at the same time.
You can use your tentacles to constrict many enemies at once.
Your skin changes colour to match your surroundings (Stealth).
Your rubbery body absorbs attacks (AC +1).


Message History

Purgy completely misses you. Purgy misses you. Purgy claws you.
* * * LOW HITPOINT WARNING * * *
Found 7 gold pieces.
There is a stone staircase leading down here.
Purgy bites you.
* * * LOW HITPOINT WARNING * * *
Purgy barely misses you. Purgy claws you.
* * * LOW HITPOINT WARNING * * *
Purgy barely misses you. x2
Purgy completely misses you.
You see here 7 gold pieces.
There is a stone staircase leading down here.
Purgy closely misses you. Purgy claws you.
* * * LOW HITPOINT WARNING * * *
Purgy barely misses you. Purgy bites you.
* * * LOW HITPOINT WARNING * * *
Purgy closely misses you. Purgy barely misses you. Purgy bites you.
You die...

......#####..## ##..
#.......##...## ##..
.............## #..#
..............# ##..#
.............>## ### #...#
...............###.###...#
#...........#.###....##
#...####..T#.###.##...##
#..#.###..@.......##..(#
#..##.##......##.####..#
##.##........###.# ..#.#
###.#..)......# #..
..##..# ##.............#
#..... ..#
#.<#............#.....#
#.#
#........###............
.. ..........##
#........... ##..####.(.#
...... .


You could see Purgy.

Vanquished Creatures
  2 ogres (D:3)
  An orc priest (D:3)
  8 adders
  A gnoll (D:1)
  2 worms (D:2)
  6 giant geckos
  4 orcs (D:3)
  A bat zombie (D:3)
  2 giant cockroaches
  8 goblins
  11 hobgoblins
  9 jackals
  9 kobolds
  2 quokkas
  8 ball pythons
  11 bats
  7 giant newts
  47 rats
139 creatures vanquished.

Notes
Turn   | Place    | Note
--------------------------------------------------------------
     0 | D:1      | sscrono2, the Octopode Assassin, began the quest for the Orb.
     0 | D:1      | Reached XP level 1. HP: 14/14 MP: 1/1
   115 | D:1      | Reached XP level 2. HP: 19/19 MP: 2/2
   144 | D:1      | Reached skill level 6 in Stealth
   479 | D:1      | Reached XP level 3. HP: 22/24 MP: 3/3
  1157 | D:2      | Reached XP level 4. HP: 22/29 MP: 4/4
  1161 | D:2      | Reached skill level 1 in Spellcasting
  1813 | D:2      | You fall through a shaft!
  1818 | D:3      | Noticed an ogre
  1822 | D:3      | Killed an ogre
  1822 | D:3      | Reached skill level 7 in Stealth
  1822 | D:3      | Reached XP level 5. HP: 34/34 MP: 7/7
  2062 | D:3      | Reached XP level 6. HP: 35/40 MP: 10/10
  2594 | D:2      | Reached skill level 8 in Stealth
  3082 | D:3      | Noticed an ogre
  3092 | D:3      | Killed an ogre
  3461 | D:4      | Noticed Purgy
  3534 | D:4      | HP: 2/41 [Purgy (3)]
  3535 | D:4      | Slain by Purgy

Action                   |  1- 3 |  4- 6 || total
-------------------------+-------+-------++-------
Melee: Dagger            |    59 |   158 ||   217
 Fire: Blowgun           |     3 |    25 ||    28
  Use: Scroll            |     3 |     8 ||    11
 Stab: Sleeping          |    19 |    34 ||    53
       Distracted        |       |     1 ||     1
  Eat: Chunk             |    12 |     4 ||    16
